 Dungeon Crawl Stone Soup version 0.25-a0-339-gb37b713d4c (webtiles) character file.

Game seed: 9045669807470624759, levelgen mode: deterministic

2443 MirrMurr the Basher (level 9, -19/57 HPs)
             Began as a Kobold Berserker on Dec 28, 2019.
             Was a Priest of Trog.
             Blown up by a crimson imp (29 damage)
             ... with a disintegration bolt
             ... on level 7 of the Dungeon on Dec 29, 2019.
             The game lasted 00:17:07 (7260 turns).

MirrMurr the Basher (Kobold Berserker)              Turns: 7260, Time: 00:17:08

Health: -19/57     AC: 13    Str: 17    XL:     9   Next: 78%
Magic:  9/9        EV: 18    Int:  9    God:    Trog [***...]
Gold:   296        SH:  0    Dex: 14    Spells: 8/8 levels left

rFire    . . .     SeeInvis .   a - +0 flail
rCold    . . .     Gourm    .   (shield restricted)
rNeg     . . .     Faith    .   y - +1 ring mail {rPois}
rPois    +         Spirit   .   h - +1 helmet
rElec    .         Reflect  .   l - +2 cloak
rCorr    .         Harm     .   m - +1 pair of gloves
MR       .....                  (no boots)
Stlth    +.........             (no amulet)
HPRegen  0.19/turn              (no ring)
MPRegen  0.11/turn              (no ring)

@: berserk cooldown, hasted and slowed
A: small, carnivore
a: Berserk, Trog's Hand, Renounce Religion


You were on level 7 of the Dungeon.
You worshipped Trog.
Trog was most pleased with you.
You were very full.

You visited 2 branches of the dungeon, and saw 8 of its levels.

You collected 296 gold pieces.

Inventory:

Hand Weapons
 a - a +0 flail (weapon)
Missiles
 g - 223 stones (quivered)
 x - 53 sling bullets
Armour
 h - a +1 helmet (worn)
 l - a +2 cloak (worn)
 m - a +1 pair of gloves (worn)
 y - a +1 ring mail of poison resistance (worn)
Wands
 n - a wand of digging (6)
 p - a wand of disintegration (11)
 A - a wand of paralysis (17)
 B - a wand of polymorph (8)
 G - a wand of flame (16)
Scrolls
 j - 2 scrolls of fear
 k - a scroll of immolation
 r - 5 scrolls of remove curse
 u - 2 scrolls of magic mapping
 w - 3 scrolls of enchant weapon
 C - 3 scrolls of identify
 E - a scroll of fog
 F - a scroll of teleportation
Potions
 b - a potion of agility
 d - a potion of cancellation {unknown}
 e - a potion of mutation
 f - 2 potions of lignification {unknown}
 i - 4 potions of heal wounds {unknown}
 o - a potion of might {unknown}
 q - 4 potions of resistance
 s - a potion of degeneration {unknown}
 t - 2 potions of curing {unknown}
 v - 2 potions of haste
 z - a potion of flight {unknown}
 D - 2 potions of ambrosia {unknown}
Comestibles
 c - 17 rations
 H - 5 chunks of flesh


   Skills:
 + Level 7.6 Fighting
 * Level 8.6 Maces & Flails
 - Level 1.5 Armour
 + Level 7.8 Dodging


You had 8 spell levels left.
You didn't know any spells.
Your spell library was empty.

Dungeon Overview and Level Annotations

Branches:
Dungeon (7/15)             Temple (1/1) D:4

Altars:
Elyvilon
Fedhas
Hepliaklqana
Okawaru
Qazlal
Wu Jian
Xom
Zin

Shops:
D:5 :   D:6 *

Annotations:
D:7 Dowan, Duvessa


Innate Abilities, Weirdness & Mutations

You are small and have problems with some larger weapons.
You are carnivorous and can eat meat at any time.


Message History

Items here: ( )) [ † a +0 quarterstaff; a +0 hunting sling; 30 sling bullets; a +0 leather armour the human corpse of Joseph Your skin stops crawling.
You feel less resistant to hostile enchantments.
The crimson imp zaps a wand.
You are blasted!
* * * LOW HITPOINT WARNING * * *
The crimson imp zaps a wand.
You struggle to resist.
There is an open door here.
You closely miss the crimson imp. The crimson imp misses you.
You closely miss the crimson imp.
The crimson imp hits you but does no damage.
The crimson imp barely misses you.
You hit the crimson imp but do no damage.
The crimson imp closely misses you.
You feel yourself speed up.
The crimson imp zaps a wand.
You struggle to resist.
The crimson imp closely misses you.
The crimson imp zaps a wand.
You are blasted!
Ouch! That really hurt!
You die...

....# #..# ####.÷#
#.....# #.###.##
#.###..############
#...##......#......
##'#####)(...####.#......
...?..5'@....# #........
......##.....#####'#####'
..... ########........#.
.... #........#. ...
#........#. ..
#........#. . #........#.
#........#. #.....>).#.


You could see a crimson imp.

Vanquished Creatures
  Joseph (D:7)
  Grinder (D:3)
  3 hippogriffs (D:7)
  A water moccasin (D:7)
  A sky beast (D:5)
  2 ogres
  2 centaurs (D:6)
  A gnoll sergeant (D:5)
  2 scorpions
  A howler monkey (D:6)
  A centaur zombie (D:5)
  3 hounds
  2 jellies
  An orc priest (D:6)
  An orc wizard (D:4)
  7 worker ants
  A hound skeleton (D:4)
  3 gnolls (D:5)
  8 adders
  2 shadow imps (D:6)
  An ooze (D:4)
  3 worms
  5 dart slugs
  7 leopard geckos
  18 orcs
  9 giant cockroaches
  4 hobgoblins
  10 jackals
  A quokka (D:2)
  A ball python (D:2)
  8 bats
  4 frilled lizards
  7 goblins
  A jackal zombie (D:6)
  5 kobolds
  2 leopard gecko skeletons
  A quokka skeleton (D:5)
  4 rats
135 creatures vanquished.

Notes
Turn   | Place    | Note
-------+----------+-------------------------------------------
     0 | D:1      | MirrMurr the Kobold Berserker began the quest for the Orb.
     0 | D:1      | Reached XP level 1. HP: 14/14 MP: 1/1
    80 | D:1      | Reached XP level 2. HP: 5/19 MP: 2/2
    81 | D:1      | Reached skill level 3 in Maces & Flails
   837 | D:1      | Reached XP level 3. HP: 19/23 MP: 3/3
  1381 | D:2      | Reached ** piety under Trog
  1415 | D:2      | Reached XP level 4. HP: 21/29 MP: 4/4
  2364 | D:3      | Reached XP level 5. HP: 32/33 MP: 5/5
  2516 | D:3      | Reached skill level 4 in Maces & Flails
  3022 | D:3      | Noticed Grinder
  3031 | D:3      | Paralysed by Grinder for 2 turns
  3035 | D:3      | Killed Grinder
  3035 | D:3      | Reached skill level 5 in Maces & Flails
  3035 | D:3      | Reached XP level 6. HP: 24/40 MP: 6/6
  3587 | D:4      | Reached XP level 7. HP: 32/44 MP: 7/7
  3733 | D:4      | Reached skill level 5 in Fighting
  4071 | D:4      | Found a hazy altar of Hepliaklqana.
  4323 | D:4      | Found a stormy altar of Qazlal.
  4330 | D:4      | Reached skill level 5 in Dodging
  4418 | D:4      | Found a staircase to the Ecumenical Temple.
  4424 | Temple   | Entered the Ecumenical Temple
  4461 | D:5      | Entered Level 5 of the Dungeon
  4566 | D:5      | Found Vuhidd's Book Shop.
  4596 | D:5      | Reached *** piety under Trog
  4596 | D:5      | Reached XP level 8. HP: 39/50 MP: 8/8
  4604 | D:5      | Reached skill level 6 in Maces & Flails
  4760 | D:5      | Found a white marble altar of Elyvilon.
  5614 | D:6      | Found Zin's Purification Station.
  5624 | D:6      | Found a glowing silver altar of Zin.
  6182 | D:6      | Reached skill level 7 in Maces & Flails
  6412 | D:6      | Found an iron altar of Okawaru.
  6414 | D:6      | Found a hazy altar of Hepliaklqana.
  6414 | D:6      | Found a shimmering altar of Xom.
  6417 | D:6      | Found an ornate altar of the Wu Jian Council.
  6417 | D:6      | Found a blossoming altar of Fedhas.
  6417 | D:6      | Found an iron altar of Okawaru.
  6624 | D:7      | Noticed Duvessa
  6624 | D:7      | Noticed Dowan
  6683 | D:7      | Reached XP level 9. HP: 37/56 MP: 9/9
  6928 | D:7      | Noticed a hippogriff
  6961 | D:7      | Killed a hippogriff
  7023 | D:7      | Noticed a hippogriff
  7036 | D:7      | Killed a hippogriff
  7036 | D:7      | Reached skill level 8 in Maces & Flails
  7129 | D:7      | Noticed a hippogriff
  7140 | D:7      | Killed a hippogriff
  7230 | D:7      | Noticed Joseph
  7251 | D:7      | Killed Joseph
  7260 | D:7      | Blown up by a crimson imp

Levels and vault maps discovered:
D:1:      roderic_chinese_lattice_arrival, layout_basic, serial_rivers,
          chequers_serial_rivers_small_a, chequers_serial_rivers_micro_b,
          chequers_serial_rivers_micro_c, chequers_serial_rivers_micro_e,
          chequers_serial_rivers_micro_b
D:2:      minmay_spotlight, layout_basic, minmay_misc_feat_doors
D:3:      layout_loops_cross, uniq_grinder
D:4:      kennysheep_six_static_rooms, layout_basic, kennysheep_mini_moat,
          kennysheep_mini, minmay_temple_entry_hall
D:5:      layout_loops_ring, basic_altar, first_ration, serial_shops,
          nicolae_shop_trees, grunt_ministairs_10, st_stairs_2
D:6:      layout_basic, doesnt_xom_only_xom, zin_purify
D:7:      minmay_octagon_keep, layout_basic, uniq_joseph, uniq_menkaure,
          uniq_duvessa
Temple:   eino_temple_water

Skill      XL: |  1  2  3  4  5  6  7  8  9 |
---------------+----------------------------+-----
Maces & Flails | 3 5 7 8 |  8.6
Dodging        | 3 4 5 6 7 |  7.8
Fighting       | 4 5 6 7 |  7.6
Armour         | |  1.5

Action                   |  1- 3 |  4- 6 |  7- 9 || total
-------------------------+-------+-------+-------++-------
Melee: Mace              |   123 |   173 |     9 ||   305
       Flail             |       |       |   297 ||   297
Invok: Berserk           |     1 |     3 |     5 ||     9
       Trog's Hand       |       |     3 |     1 ||     4
  Use: Scroll            |     4 |     6 |     7 ||    17
       Potion            |       |       |     1 ||     1
  Eat: Chunk             |    11 |    11 |    16 ||    38
Armor: Animal skin       |    16 |       |       ||    16
       Scale mail        |    24 |    73 |    47 ||   144
       Ring mail         |       |       |    56 ||    56
Dodge: Dodged            |   122 |   139 |   248 ||   509

Table legend:
 A = Non-vault XP
 B = Vault XP
 C = Vault XP percentage of total XP
 D = Non-vault monster count
 E = Vault monster count
 F = Vault count percentage of total count
                 A         B        C        D         E       F
            +---------+---------+-------+---------+---------+-------
      Total |    2670 |     821 |  23.5 |     126 |       9 |   6.7
            +---------+---------+-------+---------+---------+-------
        D:1 |      32 |       0 |   0.0 |      18 |       0 |   0.0
        D:2 |      80 |       5 |   5.9 |      23 |       3 |  11.5
        D:3 |      96 |     286 |  74.9 |      25 |       1 |   3.8
        D:4 |     319 |       2 |   0.6 |      16 |       1 |   5.9
        D:5 |     481 |      68 |  12.4 |      16 |       3 |  15.8
        D:6 |     531 |       0 |   0.0 |      20 |       0 |   0.0
        D:7 |    1131 |     460 |  28.9 |       8 |       1 |  11.1
            +---------+---------+-------+---------+---------+-------
